 Dungeon Crawl Stone Soup version 0.20.0-15-g7f486f2 (webtiles) character file.

49 vishdafish the Covered (level 3, 0/23 HPs)
             Began as a Gargoyle Fighter on July 1, 2017.
             Was a Believer of Lugonu.
             Slain by a goblin
             ... wielding a +0 club
             ... led by Robin
              (3 damage)
             ... on level 2 of the Dungeon.
             The game lasted 00:02:19 (843 turns).

vishdafish the Covered (Gargoyle Fighter)            Turns: 843, Time: 00:02:20

Health: 0/23       AC: 10    Str: 20    XL:     3   Next: 77%
Magic:  3/3        EV:  7    Int:  8    God:    Lugonu [**....]
Gold:   72         SH:  9    Dex:  9    Spells: 2/2 levels left

rFire    . . .     SeeInvis .   a - +0 flail
rCold    . . .     Gourm    .   c - +0 shield
rNeg     + . .     Faith    .   b - +0 scale mail
rPois    ∞         Spirit   .   (no helmet)
rElec    +         Reflect  .   (no cloak)
rCorr    .         Harm     .   (no gloves)
MR       .....                  (no boots)
Stlth    ..........             (no amulet)
Regen    0.1/turn               (no ring)
MPRegen  0.1/turn               (no ring)

@: no status effects
A: negative energy resistance 1, electricity resistance, unbreathing,
petrification resistance, rot immunity, AC +3
a: Depart the Abyss, Bend Space, Renounce Religion


You were on level 2 of the Dungeon.
You worshipped Lugonu.
Lugonu was pleased with you.
You were not hungry.

You visited 1 branch of the dungeon, and saw 2 of its levels.

You collected 72 gold pieces.

Inventory:

Hand Weapons
 a - a +0 flail (weapon)
Armour
 b - a +0 scale mail (worn)
 c - a +0 shield (worn)
Scrolls
 e - a scroll of identify {unknown}
 g - 3 scrolls of remove curse {unknown}
 h - 3 scrolls of teleportation {unknown}
 i - a scroll of fog {unknown}
 k - a scroll of fear {unknown}
 l - 2 scrolls of immolation {unknown}
Potions
 d - a potion of might
Comestibles
 f - a bread ration
 j - 3 fruits


   Skills:
 + Level 3.6 Fighting
 * Level 2.5 Maces & Flails
 + Level 4.0 Armour
 - Level 0.2 Dodging
 + Level 3.7 Shields
 * Level 0.0 Invocations


You had 2 spell levels left.
You didn't know any spells.

Dungeon Overview and Level Annotations

Branches:
Dungeon (2/15)

Altars:
Lugonu

Annotations:
D:2 Robin


Innate Abilities, Weirdness & Mutations

You are resistant to torment.
Your stone body is resilient. (AC +3)
You are immune to poison.
You resist negative energy. (rN+)
You are resistant to electric shocks. (rElec)
You can survive without breathing.
You are immune to petrification.
You are immune to rotting.


Message History

The hobgoblin hits you but does no damage.
You block the goblin's attack.
The hobgoblin hits you but does no damage.
You block the goblin's attack. The goblin hits you but does no damage.
The hobgoblin hits you with a club.
* * * LOW HITPOINT WARNING * * *
You closely miss the goblin.
The goblin is severely wounded.
The goblin no longer looks unusually strong.
The goblin hits you but does no damage. The goblin barely misses you.
You block the hobgoblin's attack. The goblin barely misses you.
The hobgoblin hits you but does no damage.
You closely miss the goblin.
The goblin is severely wounded.
The hobgoblin no longer looks unusually strong.
The goblin no longer looks unusually strong.
You block the goblin's attack. x2; The hobgoblin hits you with a club.
* * * LOW HITPOINT WARNING * * *
The goblin hits you with a club.
You die...

...#.....# #.....##...........#
........## #.>...##............
..#..##.####.....#.............
.... #...#####.#..............
...#...##..# #.............#..
.. ###...#.## #.............#..
. ###.#..###g..........###..
#.##..gggg........# #.. #.
####@ggg.... #.. #. ##ggg....
... ..


rg..... .... .. s...... .... ....... .... ....... .... ....... .... ....... ....
.... You could see Robin, a giant cockroach, 5 hobgoblins, 6 goblins and a rat.

Vanquished Creatures
  An adder (D:2)
  A dart slug (D:2)
  A leopard gecko (D:1)
  A ball python (D:1)
  2 giant cockroaches
  4 goblins
  11 hobgoblins
  6 bats (D:1)
  3 frilled lizards (D:1)
  4 kobolds
34 creatures vanquished.

Notes
Turn   | Place    | Note
-------+----------+-------------------------------------------
     0 | D:1      | vishdafish the Gargoyle Fighter began the quest for the Orb.
     0 | D:1      | Reached XP level 1. HP: 14/14 MP: 1/1
    66 | D:1      | Reached XP level 2. HP: 19/19 MP: 2/2
   385 | D:1      | Reached XP level 3. HP: 19/23 MP: 3/3
   706 | D:2      | Found a faded altar of an unknown god.
   722 | D:2      | Became a worshipper of Lugonu the Unformed
   722 | D:2      | Reached * piety under Lugonu
   722 | D:2      | Reached ** piety under Lugonu
   805 | D:2      | Reached skill level 4 in Armour
   827 | D:2      | Noticed Robin
   843 | D:2      | Slain by a goblin

Skill      XL: |  1  2  3 |
---------------+----------+-----
Armour         | 4 |  4.0
Fighting       | |  3.6
Maces & Flails | |  2.5
Dodging        | |  0.2
Shields        | |  3.7

Action                   || total
-------------------------++-------
Melee: Flail             ||   146
Armor: Scale mail        ||   117
Dodge: Dodged            ||    76
Block: Shield            ||    99
